 Dungeon Crawl Stone Soup version 0.31-a0-880-g9a209b2425 (webtiles) character file.

Game seed: 8339516459998437484

98 Gladio the Trooper (level 4, -1/49 HPs)
             Began as an Ogre Berserker on Oct 15, 2023.
             Was a Believer of Trog.
             Slain by a gnoll
             ... wielding a +0 whip
              (7 damage)
             ... on level 3 of the Dungeon.
             The game lasted 00:03:10 (2050 turns).

Gladio the Trooper (Ogre Berserker)                 Turns: 2050, Time: 00:03:10

Health: -1/49      AC:  3    Str: 21    XL:     4   Next: 71%
Magic:  4/4        EV: 10    Int:  8    God:    Trog [**....]
Gold:   103        SH:  5    Dex: 10    Spells: 3/3 levels left

rFire   . .          .
                       - Unarmed
rCold   . . .        (no shield)
rNeg    . . .        a - +0 animal skin
rPois   .            (helmet restricted)
rElec   .            (no cloak)
rCorr   .            (gloves unavailable)
SInv    .            (boots unavailable)
Will    .....        e - amulet of reflection
Stlth   +            (no ring)
HPRegen 0.28/turn    (no ring)
MPRegen 0.09/turn

%: reflection
@: no status effects
A: large, unfitting armour, tough skin 1
a: Renounce Religion, Berserk, Trog's Hand


You were on level 3 of the Dungeon.
You worshipped Trog.
Trog was pleased with you.
You visited 1 branch of the dungeon, and saw 3 of its levels.

You collected 103 gold pieces.

Inventory:

Missiles
 j - 4 poisoned darts
Armour
 a - a +0 animal skin (worn)
Jewellery
 b - a ring of positive energy
 e - an amulet of reflection (around neck)
Scrolls
 c - 2 scrolls of noise
 h - a scroll of butterflies {unknown}
 k - a scroll of vulnerability
 l - a scroll of fog {unknown}
 n - a scroll of amnesia {unknown}
Potions
 d - a potion of might {unknown}
 f - a potion of enlightenment {unknown}
 g - 2 potions of resistance
 i - 3 potions of heal wounds
 m - 2 potions of degeneration {unknown}
 o - a potion of berserk rage {unknown}
 p - a potion of mutation {unknown}


   Skills:
 + Level 4.7 Fighting
 + Level 3.2 Dodging
 * Level 3.6 Unarmed Combat
 + Level 1.4 Shapeshifting


You had 3 spell levels left.
You didn't know any spells.
Your spell library was empty.

Dungeon Overview and Level Annotations

Branches:
Dungeon (3/15)

Altars:

Shops:
D:1 [


Innate Abilities, Weirdness & Mutations

You are too large for most types of armour.
You have tough skin. (AC +1)


Message History

You kill the gnoll!
Trog accepts your kill.
You closely miss the gnoll. The gnoll hits you with a +0 whip.
You hit the gnoll but do no damage. You block the gnoll's attack.
You punch the gnoll!
The gnoll is heavily wounded.
You block the gnoll's attack.
You closely miss the gnoll.
The gnoll is heavily wounded.
The gnoll hits you with a +0 whip.
* * * LOW HITPOINT WARNING * * *
You hit the gnoll.
The gnoll is almost dead.
You block the gnoll's attack.
You barely miss the gnoll.
The gnoll is almost dead.
The gnoll hits you with a +0 whip.
* * * LOW HITPOINT WARNING * * *
You barely miss the gnoll.
The gnoll is almost dead.
The gnoll misses you.
You hit the gnoll but do no damage.
The gnoll is almost dead.
You block the gnoll's attack.
You hit the gnoll but do no damage.
The gnoll is almost dead.
The gnoll closely misses you.
You barely miss the gnoll.
The gnoll is almost dead.
The gnoll hits you with a +0 whip.
* * * LOW HITPOINT WARNING * * *
You completely miss the gnoll.
The gnoll is almost dead.
You closely miss the gnoll.
The gnoll is almost dead.
The gnoll misses you.
You closely miss the gnoll.
The gnoll is almost dead.
The gnoll hits you with a +0 whip!
You die...

#......>...# #...........#
#............ .. ####
..........!. ... #..
.g......... #... #.#
#..........
....####<#####.........>
###......@g............#
.......#>######........#
####....# #..........
#.#.######..........
##########.#.................
......).)....................
##########.##................
#.#########........# #.#
##......##


You could see a gnoll.

Vanquished Creatures
  3 gnolls
  2 adders
  2 dart slugs (D:2)
  3 orcs (D:3)
  2 endoplasms (D:1)
  6 giant cockroaches
  3 goblins
  5 hobgoblins
  3 jackals (D:1)
  A quokka (D:1)
  2 ball pythons (D:1)
  A bat (D:2)
  A frilled lizard (D:1)
  3 kobolds (D:1)
  7 rats
44 creatures vanquished.

Notes
Turn   | Place    | Note
-------+----------+-------------------------------------------
     0 | D:1      | Gladio the Ogre Berserker began the quest for the Orb.
     0 | D:1      | Reached XP level 1. HP: 24/24 MP: 1/1
   169 | D:1      | Reached XP level 2. HP: 28/32 MP: 2/2
   208 | D:1      | Found a faded altar of an unknown god.
   397 | D:1      | Found Xiecleag's Antique Armour Emporium.
   711 | D:1      | Reached XP level 3. HP: 40/40 MP: 3/3
  1107 | D:2      | Identified the +2 dagger of Demonkind {speed, *Slow rElec
                  | rC+ Will+}
  1190 | D:2      | Reached skill level 1 in Shapeshifting
  1832 | D:3      | Reached XP level 4. HP: 49/49 MP: 4/4
  1872 | D:2      | Reached ** piety under Trog
  2050 | D:3      | Slain by a gnoll

Illustrated notes

Levels and vault maps discovered:
D:1:      minmay_arrival_checkered_box, layout_loops_ring, serial_shops, shop,
          hellmonk_ecumenical_altar_arch_garden
D:2:      layout_basic
D:3:      layout_rooms, saegor_snake_ambush, uniq_sigmund

Skill      XL: |  1  2  3 |
---------------+----------+-----
Unarmed Combat | 3 |  3.6
Dodging        | 3 |  3.2
Shapeshifting  | 1 |  1.4
Fighting       | |  4.7

Action                     |  1- 3 |  4- 6 || total
---------------------------+-------+-------++-------
  Melee: Unarmed           |   132 |    38 ||   170
         Punch             |     1 |       ||     1
 Invoke: Berserk           |     1 |       ||     1
    Use: Scroll            |     4 |       ||     4
   Stab: Sleeping          |     1 |       ||     1
 Armour: Animal skin       |    67 |    24 ||    91
  Dodge: Dodged            |    41 |    13 ||    54
  Block: Other             |    11 |     7 ||    18

Table legend: (Time is in decaauts)
 A = Elapsed time spent in this place.
 B = Non-inter-level travel time spent in this place.
 C = Inter-level travel time spent in this place.
 D = Time resting spent in this place.
 E = Time spent auto-exploring this place.
 F = Levels seen in this place.
 G = Mean time per level.
                   A        B        C        D        E       F      G
               +--------+--------+--------+--------+--------+-----+--------+
         Total |   2053 |   1930 |    123 |      0 |   1593 |   3 |  684.3 |
       Dungeon |   2053 |   1930 |    123 |      0 |   1593 |   3 |  684.3 |
               +--------+--------+--------+--------+--------+-----+--------+

Top non-repeatable levels by time:
     D:2: 1008 daAuts
     D:1: 941 daAuts
     D:3: 103 daAuts
